 Dungeon Crawl Stone Soup version 0.26.0-10-g1f06aea511 (webtiles) character file.

Game seed: 11783981079678017498

156 Arum the Sneak (level 5, 0/37 HPs)
             Began as an Octopode Delver on Jan 16, 2021.
             Succumbed to a water moccasin's poison
             ... in a sewer.
             The game lasted 00:01:16 (484 turns).

Arum the Sneak (Octopode Delver)                     Turns: 484, Time: 00:01:17

Health: 0/37       AC:  1    Str: 12    XL:     5   Next: 38%
Magic:  5/5        EV: 14    Int: 12    God:
Gold:   15         SH:  0    Dex: 14    Spells: 4/4 levels left

rFire    . . .     SeeInvis .   a - +0 short sword
rCold    . . .     Faith    .   (no shield)
rNeg     . . .     Spirit   .   (helmet restricted)
rPois    .         Reflect  .   (no amulet)
rElec    .         Harm     .   (no ring)
rCorr    .         Rampage  .   (no ring)
Will     .....                  (no ring)
Stlth    +++++.....             (no ring)
HPRegen  0.12/turn              (no ring)
MPRegen  0.09/turn              (no ring)
                                (no ring)
                                (no ring)

@: lethally poisoned (0 -> -10)
A: almost no armour, stealthy swim, amphibious, 8 rings, constrict 8, camouflage
1, gelatinous body 1
a: no special abilities


You were in a sewer.
You visited 1 branch of the dungeon, and saw 3 of its levels.
You also visited: Sewer.

You collected 15 gold pieces.

Inventory:

Hand Weapons
 a - a +0 short sword (weapon)
Wands
 f - a wand of digging (3)
Scrolls
 b - a scroll of fog
 d - a scroll of fear
Potions
 e - a potion of haste


   Skills:
 + Level 3.9 Fighting
 + Level 3.1 Short Blades
 + Level 3.1 Dodging
 + Level 7.5 Stealth


You had 4 spell levels left.
You didn't know any spells.
Your spell library was empty.

Dungeon Overview and Level Annotations

Branches:
Dungeon (5/15)              Sewer (1/1)
 Temple: D:4-7

Altars:


Innate Abilities, Weirdness & Mutations

You cannot wear most types of armour.
You are very stealthy in the water. (Stealth+)
You are amphibious.
You can wear up to eight rings at the same time.
You can use your tentacles to constrict eight enemies at once.
Your skin changes colour to match your surroundings (Stealth+).
Your rubbery body absorbs attacks. (AC +1, EV +1)


Message History

You kill the water moccasin!
* * * LOW HITPOINT WARNING * * *
You feel sick.
Your Short Blades skill increases to level 3!
Your Dodging skill increases to level 3!
You have reached level 4!
You have reached level 5!
You feel stronger.
* * * LOW HITPOINT WARNING * * *
You feel sick.
Unknown command.
* * * LOW HITPOINT WARNING * * *
You feel sick.
Unknown command.
* * * LOW HITPOINT WARNING * * *
You feel sick.
* * * LOW HITPOINT WARNING * * *
You feel sick.
Unknown command.
You die...

##...## ##.## #.#
#.# #.# ####### #.#
##.....## #.#
#......$#
######.####.....$(#
................@$?#
############.....$?#
#......$# ##.....##
#######


There were no monsters in sight!

Vanquished Creatures
  A water moccasin (Sewer)
  A hound (D:4)
  An ooze (D:4)
  3 worms
  An orc (D:4)
  5 bats (Sewer)
  A hobgoblin (D:3)
  A leopard gecko skeleton (D:4)
  A leopard gecko zombie (D:5)
  A rat (D:3)
16 creatures vanquished.

Notes
Turn   | Place    | Note
-------+----------+-------------------------------------------
     0 | D:5      | Arum the Octopode Delver began the quest for the Orb.
     0 | D:5      | Reached XP level 1. HP: 16/16 MP: 1/1
    97 | D:4      | Reached XP level 2. HP: 21/21 MP: 2/2
   117 | D:4      | Reached skill level 7 in Stealth
   117 | D:4      | Reached XP level 3. HP: 11/26 MP: 3/3
   402 | D:3      | Found a glowing drain.
   417 | Sewer    | Entered a sewer
   469 | Sewer    | Noticed a water moccasin
   479 | Sewer    | Killed a water moccasin
   480 | Sewer    | Reached XP level 4. HP: 4/33 MP: 4/4
   480 | Sewer    | Reached XP level 5. HP: 5/37 MP: 5/5
   483 | Sewer    | HP: 1/37 [poisoned by a water moccasin]
   484 | Sewer    | Succumbed to a water moccasin's poison

Illustrated notes

Levels and vault maps discovered:
D:3:      gammafunk_wand_slinger, layout_loops_ring, cheibrodos_sewer_entry_bend
D:4:      layout_cave_pools, led_sif_pool, nemelex_dance_club_becter,
          uniq_duvessa
D:5:      layout_cave_pools, chequers_serial_rivers_micro_b,
          nicolae_tso_carved_into_rock
Sewer:    sewer_big_baddie

Skill      XL: |  1  2  3 |
---------------+----------+-----
Stealth        | 7 |  7.5
Short Blades   | 3 |  3.1
Dodging        | 3 |  3.1
Fighting       | |  3.9

Action                   |  1- 3 |  4- 6 || total
-------------------------+-------+-------++-------
Melee: Short sword       |    42 |       ||    42
       Constrict         |     6 |       ||     6
       Tentacles         |     5 |       ||     5
  Use: Scroll            |     1 |       ||     1
 Stab: Sleeping          |     7 |       ||     7
Armor: Skin              |     3 |       ||     3
Dodge: Dodged            |    29 |       ||    29
